 Dungeon Crawl Stone Soup version 0.26-b1-32-g5d43845318 (webtiles) character file.

Game seed: 12041314102005356909

10798 Borgoz the Cleaver (level 11, -18/101 HPs)
             Began as a Hill Orc Gladiator on Jan 13, 2021.
             Was a Believer of Ashenzari.
             Demolished by a white ugly thing (35 damage)
             ... on level 10 of the Dungeon.
             The game lasted 00:15:38 (13859 turns).

Borgoz the Cleaver (Hill Orc Gladiator)            Turns: 13859, Time: 00:15:39

Health: -18/101    AC: 15    Str: 19    XL:     11   Next: 67%
Magic:  11/11      EV: 16    Int:  8    God:    Ashenzari [**....]
Gold:   598        SH:  5    Dex: 14    Spells: 10/10 levels left

rFire    . . .     SeeInvis +   v - +1 broad axe
rCold    . . .     Faith    .   g - +0 buckler
rNeg     . . .     Spirit   .   u - +1 acid dragon scales
rPois    +         Reflect  .   c - +0 helmet
rElec    .         Harm     .   w - +0 cloak
rCorr    +         Rampage  .   e - +0 pair of gloves
Will     .....                  y - +0 pair of boots
Stlth    +.........             (no amulet)
HPRegen  0.26/turn              i - ring of see invisible
MPRegen  0.12/turn              A - ring of poison resistance

@: mighty
A: no striking features
a: Renounce Religion, Curse Item, Scrying


You were on level 10 of the Dungeon.
You worshipped Ashenzari.
Ashenzari was pleased with you.
You visited 2 branches of the dungeon, and saw 12 of its levels.

You collected 695 gold pieces.
You spent 97 gold pieces at shops.

Inventory:

Hand Weapons
 b - a +0 dire flail of protection
 v - a +1 broad axe (weapon)
Missiles
 d - 2 throwing nets (quivered)
Armour
 c - a +0 helmet (worn)
 e - a +0 pair of gloves (worn)
 g - a +0 buckler (worn)
 h - a +1 ring mail of fire resistance
 u - +1 acid dragon scales (worn)
 w - a +0 cloak (worn)
 y - a +0 pair of boots (worn)
Jewellery
 i - a ring of see invisible (left hand)
 n - an uncursed ring of ice
 A - a ring of poison resistance (right hand)
Wands
 m - a wand of flame (40)
 x - a wand of digging (6)
 C - a wand of acid (7)
Scrolls
 f - 2 scrolls of magic mapping
 j - 3 scrolls of enchant weapon
 l - 4 scrolls of enchant armour
 o - 5 scrolls of remove curse
 p - 3 scrolls of fear
 r - 4 scrolls of blinking
 t - 2 scrolls of teleportation
 B - a scroll of torment {unknown}
Potions
 k - 2 potions of mutation
 q - a potion of haste {unknown}
 s - a potion of brilliance


   Skills:
 + Level 10.7 Fighting
 + Level 11.9 Axes
 - Level 1.7 Throwing
 + Level 9.5 Armour
 + Level 7.8 Dodging
 - Level 5.0 Shields


You had 10 spell levels left.
You didn't know any spells.
Your spell library contained the following spells:

 Spells                   Type           Power        Failure   Level
 Foxfire                  Conj/Fire      0%           47%         1
 Magic Dart               Conj           0%           47%         1
 Shock                    Conj/Air       0%           47%         1
 Blink                    Tloc           N/A          63%         2
 Call Imp                 Summ           0%           63%         2
 Slow                     Hex            0%           63%         2
 Swiftness                Air            0%           63%         2
 Conjure Flame            Conj/Fire      0%           85%         3
 Inner Flame              Hex/Fire       0%           85%         3
 Mephitic Cloud           Conj/Pois/Air  0%           85%         3
 Static Discharge         Conj/Air       0%           85%         3
 Airstrike                Air            0%           99%         4
 Sticky Flame             Conj/Fire      0%           99%         4
 Fireball                 Conj/Fire      0%           100%        5
 Lightning Bolt           Conj/Air       0%           100%        5


Dungeon Overview and Level Annotations

Branches:
Dungeon (11/15)            Temple (1/1) D:7            Lair (0/6) D:9
    Orc (0/2) D:10

Altars:
Ashenzari
Cheibriados
Dithmenos
Elyvilon
Fedhas
Gozag
Hepliaklqana
Kikubaaqudgha
Makhleb
Nemelex Xobeh
Okawaru
Qazlal
Ru
Sif Muna
Trog
Uskayaw
Vehumet
Wu Jian
Xom
Yredelemnul
Zin
The Shining One

Shops:
D:6 ?


Message History

The cyclops hits you!!
* * * LOW HITPOINT WARNING * * *
You are too injured to fight recklessly!
You are too injured to fight recklessly!
You feel better.
The white ugly thing engulfs you but does no damage.
You block the cyclops's attack.
You feel very mighty all of a sudden. The white ugly thing barely misses you.
You slice the cyclops!!
The cyclops is heavily wounded.
You slash the white ugly thing! The cyclops closely misses you.
The white ugly thing closely misses you.
You completely miss the cyclops.
The cyclops is heavily wounded.
You completely miss the white ugly thing.
The white ugly thing engulfs you.
* * * LOW HITPOINT WARNING * * *
The white ugly thing freezes you!!
You die...

.....)...........#
#.........########
##........#
.#######..# ..#
#..######## .##
#.........# ##
#.........#
########........C#
..........=....†@#
..........[....u.#
########.........#
#.........#
#.........#
#.........#
#.........#
###########


You could see a white ugly thing and a cyclops.

Vanquished Creatures
  Fannar (D:10)
  A centaur warrior (D:9)
  A two-headed ogre (D:9)
  Pikel (D:6)
  2 centaur zombies
  Maggie (D:7)
  A komodo dragon (D:10)
  A troll (D:9)
  Grinder (D:5)
  The ghost of skk the Shield-Bearer, an amateur GrFi (D:4)
  A shadow (D:9)
  5 wraiths
  Eustachio (D:5)
  Edmund (D:5)
  4 water moccasins
  7 orc warriors
  2 ice beasts
  A sky beast (D:5)
  2 black bears
  A necrophage (D:9)
  2 phantoms
  A hornet zombie (D:7)
  7 ogres
  A lemure (D:6)
  4 centaurs
  6 bullfrogs
  A troll zombie (D:7)
  A scorpion (D:9)
  7 killer bees
  5 wights
  4 howler monkeys
  A bullfrog zombie (D:6)
  A centaur skeleton (D:5)
  4 hounds
  12 orc wizards
  4 bullfrog skeletons
  4 human zombies (D:7)
  Terence (D:2)
  10 orc priests
  2 iguanas (D:9)
  Ijyb (D:4)
  A human skeleton (D:7)
  Natasha (thrice) (D:4)
  7 worker ants
  2 hound zombies (D:9)
  2 hound skeletons
  A mummy (D:7)
  14 adders
  3 white imps
  An ooze (D:3)
  2 adder zombies
  An adder skeleton (D:7)
  A worm (D:2)
  3 dart slugs
  9 leopard geckos
  34 orcs
  3 giant cockroaches
  5 goblins
  10 hobgoblins
  7 jackals
  6 quokkas
  4 ball pythons
  5 bats
  5 frilled lizards
  7 kobolds
  3 quokka skeletons
  27 rats
281 creatures vanquished.

Vanquished Creatures (others)
  A vampire (D:9)
  A withered plant (D:7)
2 creatures vanquished.

Grand Total: 283 creatures vanquished

Notes
Turn   | Place    | Note
-------+----------+-------------------------------------------
     0 | D:1      | Borgoz the Hill Orc Gladiator began the quest for the Orb.
     0 | D:1      | Reached XP level 1. HP: 18/18 MP: 1/1
   177 | D:1      | Reached XP level 2. HP: 23/25 MP: 2/2
   399 | D:1      | Reached skill level 1 in Armour
   593 | D:1      | Reached XP level 3. HP: 26/30 MP: 3/3
  1224 | D:2      | Reached XP level 4. HP: 32/38 MP: 4/4
  1471 | D:2      | Found a faded altar of an unknown god.
  1550 | D:2      | Noticed Terence
  1562 | D:2      | Killed Terence
  1914 | D:3      | Reached skill level 5 in Axes
  1931 | D:3      | Reached XP level 5. HP: 45/45 MP: 5/5
  1987 | D:3      | Found a shimmering blue altar of Sif Muna.
  1987 | D:3      | Found a faded altar of an unknown god.
  2047 | D:3      | Found a faded altar of an unknown god.
  2049 | D:3      | Found a shadowy altar of Dithmenos.
  2050 | D:3      | Found a basalt altar of Yredelemnul.
  2100 | D:3      | Reached skill level 1 in Shields
  2455 | D:4      | Found a runed translucent door.
  2583 | D:4      | Noticed an ogre
  2591 | D:4      | HP: 1/69 [hound (4)]
  2593 | D:4      | Killed an ogre
  2594 | D:4      | Reached XP level 6. HP: 2/52 MP: 6/6
  3038 | D:4      | Noticed Ijyb
  3050 | D:4      | Killed Ijyb
  3073 | D:4      | Noticed Natasha
  3087 | D:4      | Killed Natasha
  3207 | D:4      | Noticed skk's ghost (amateur GrFi)
  3215 | D:4      | Noticed Natasha
  3222 | D:4      | Killed Natasha
  3240 | D:4      | Noticed Natasha
  3246 | D:4      | Killed Natasha
  3315 | D:4      | Reached XP level 7. HP: 54/60 MP: 7/7
  3686 | D:4      | Reached skill level 6 in Axes
  3703 | D:4      | HP: 2/60 [skk's ghost (2)]
  3713 | D:4      | Killed skk's ghost
  3714 | D:4      | Reached skill level 5 in Fighting
  4221 | D:5      | Entered Level 5 of the Dungeon
  4227 | D:5      | You fall into a shaft and drop 3 floors!
  4227 | D:8      | Found a broken altar of Ashenzari.
  4245 | D:8      | Became a worshipper of Ashenzari the Shackled
  4310 | D:8      | Reached skill level 7 in Axes
  4310 | D:8      | Reached XP level 8. HP: 40/70 MP: 8/8
  5197 | D:6      | Reached skill level 5 in Armour
  5407 | D:6      | Reached XP level 9. HP: 68/78 MP: 9/9
  5618 | D:6      | Reached skill level 5 in Dodging
  5618 | D:6      | Reached skill level 5 in Shields
  5667 | D:6      | Reached skill level 8 in Axes
  6013 | D:5      | Noticed Edmund
  6033 | D:5      | Killed Edmund
  6537 | D:5      | Noticed Eustachio
  6563 | D:5      | Killed Eustachio
  6649 | D:5      | Noticed Grinder
  6656 | D:5      | Paralysed by Grinder for 5 turns
  7516 | D:6      | Noticed Pikel
  7536 | D:6      | Killed Pikel
  7537 | D:6      | Reached skill level 9 in Axes
  7820 | D:6      | Found Recrett's Magic Scroll Emporium.
  7828 | D:6      | Bought a scroll of blinking for 97 gold pieces
  8090 | D:7      | Reached XP level 10. HP: 83/88 MP: 10/10
  8269 | D:7      | Reached * piety under Ashenzari
  8469 | D:7      | Found a staircase to the Ecumenical Temple.
  8527 | Temple   | Entered the Ecumenical Temple
  9076 | D:7      | Found a basalt altar of Yredelemnul.
  9137 | D:7      | Reached skill level 10 in Axes
  9186 | D:7      | Noticed Maggie
  9197 | D:7      | Killed Maggie
  9287 | D:7      | Found an ancient bone altar of Kikubaaqudgha.
  9650 | D:8      | Found a shimmering altar of Xom.
  9687 | D:8      | Found a sacrificial altar of Ru.
  9688 | D:8      | Found a glowing golden altar of the Shining One.
  9743 | D:8      | Found an ornate altar of the Wu Jian Council.
 10581 | D:8      | Found a stormy altar of Qazlal.
 10834 | D:5      | Paralysed by Grinder for 2 turns
 10837 | D:5      | Killed Grinder
 11223 | D:9      | Noticed a centaur warrior
 11237 | D:9      | Reached XP level 11. HP: 45/99 MP: 11/11
 11244 | D:9      | Killed a centaur warrior
 11245 | D:9      | Reached skill level 11 in Axes
 11249 | D:9      | Reached skill level 10 in Fighting
 11900 | D:9      | Found a staircase to the Lair.
 11974 | D:9      | Noticed a two-headed ogre
 11989 | D:9      | Killed a two-headed ogre
 12052 | D:9      | Found a shadowy altar of Dithmenos.
 12771 | D:10     | Entered Level 10 of the Dungeon
 13408 | D:10     | Found a staircase to the Orcish Mines.
 13433 | D:10     | Reached ** piety under Ashenzari
 13651 | D:10     | Noticed Fannar
 13677 | D:10     | Killed Fannar
 13848 | D:11     | Noticed a white ugly thing
 13848 | D:11     | Noticed a cyclops
 13848 | D:11     | Noticed a brown ugly thing
 13849 | D:11     | Noticed a red ugly thing
 13859 | D:10     | Demolished by a white ugly thing

Illustrated notes

Levels and vault maps discovered:
D:1:      dpeg_arrival_ternary, layout_loops_cross, minmay_misc_feat_alley
D:2:      layout_loops_cross, chequers_ecumenical_altar_grove, uniq_terence
D:3:      layout_basic, chequers_temple_overflow_minitemple,
          chequers_serial_rivers_room_a, minmay_rat_hole
D:4:      layout_loops_ring, ebering_ghost_sewer_d, uniq_ijyb, uniq_natasha
D:5:      layout_loops_corners, minmay_misc_feat_encased, uniq_edmund,
          uniq_grinder, uniq_eustachio
D:6:      layout_loops_ring, serial_shops, shop, uniq_pikel
D:7:      layout_loops_ring, kiku_gazebo_garden_becter,
          minmay_temple_entry_trees, minmay_misc_feat_rows,
          lemuel_mausoleum_altar_yredelemnul, uniq_maggie
D:8:      layout_basic, nicolae_overflow_crystal_walls, marbit_many_paths,
          minitemple, basic_altar
D:9:      minmay_the_grid_octo_2x2 [minmay_the_grid_octo_tetromino_candy,
          minmay_the_grid_octo_77, minmay_the_grid_octo_checkerflower,
          minmay_the_grid_octo_prize_ultimate_mussel_roller],
          layout_loops_corners, lair_entry_dummy,
          nicolae_dithmenos_shadow_blocks
D:10:     layout_small_grid, orc_0_dummy, nrook_loot_triangle, uniq_fannar
D:11:     layout_rooms
Temple:   nicolae_temple_figure_eight

Skill      XL: |  1  2  3  4  5  6  7  8  9 10 11 |
---------------+----------------------------------+-----
Armour         | 1 2 3 4 5 6 8 9 |  9.5
Fighting       | 3 4 5 6 8 9 10 | 10.7
Dodging        | 3 4 5 7 |  7.8
Axes           | 5 7 9 10 11 | 11.9
Shields        | 1 2 4 5 |  5.0
Throwing       | |  1.7

Action                   |  1- 3 |  4- 6 |  7- 9 | 10-12 || total
-------------------------+-------+-------+-------+-------++-------
Melee: War axe           |   120 |   152 |   396 |   159 ||   827
       Broad axe         |       |       |       |   382 ||   382
Throw: Throwing net      |       |     1 |       |       ||     1
  Use: Scroll            |       |     6 |     4 |     7 ||    17
       Potion            |       |     1 |    11 |     3 ||    15
 Stab: Held in net/web   |       |     1 |       |       ||     1
Armor: Leather armour    |    22 |       |       |       ||    22
       Ring mail         |    19 |    57 |   111 |    41 ||   228
       Skin              |       |       |    31 |       ||    31
       Acid dragon scale |       |       |       |   161 ||   161
Dodge: Dodged            |    99 |    91 |   231 |   365 ||   786
Block: Buckler           |       |    20 |    92 |   123 ||   235
